 Dungeon Crawl Stone Soup version 0.31.0-32-g396128a36d (webtiles) character file.

Game seed: 1450046315395471993

35 imdaedric the Trooper (level 3, -3/33 HPs)
             Began as a Hill Orc Fighter on Apr 18, 2024.
             Incinerated by a bombardier beetle (9 damage)
             ... with a burning spray
             ... on level 2 of the Dungeon.
             The game lasted 00:01:45 (805 turns).

imdaedric the Trooper (Hill Orc Fighter)             Turns: 805, Time: 00:01:45

Health: -3/33      AC: 11    Str: 20    XL:     3   Next: 33%
Magic:  3/3        EV:  5    Int:  8    God:
Gold:   51         SH:  4    Dex: 10    Spells: 2/2 levels left

rFire   . . .        a - +0 war axe
rCold   . . .        c - +0 buckler
rNeg    . . .        g - +0 plate armour
rPois   .            (no helmet)
rElec   .            (no cloak)
rCorr   .            (no gloves)
SInv    .            (no boots)
Will    .....        (no amulet) Stlth
                     (no ring)
HPRegen 0.25/turn    (no ring)
MPRegen 0.08/turn

%: no passive effects
@: on fire, glowing
A: no striking features
a: no special abilities


You were on level 2 of the Dungeon.
You visited 1 branch of the dungeon, and saw 2 of its levels.

You collected 51 gold pieces.

Inventory:

Hand Weapons
 a - a +0 war axe (weapon)
Armour
 c - a +0 buckler (worn)
 g - a +0 plate armour (worn)
Jewellery
 e - a ring of wizardry
Scrolls
 i - a scroll of torment {unknown}
Potions
 b - a potion of magic {unknown}
 d - a potion of might
 f - a potion of enlightenment {unknown}
 h - 2 potions of curing {unknown}
 j - a potion of attraction {unknown}


   Skills:
 + Level 4.1 Fighting
 + Level 3.3 Axes
 + Level 3.7 Armour
 + Level 3.7 Shields


You had 2 spell levels left.
You didn't know any spells.
Your spell library contained the following spells:

 Spells                   Type           Power      Damage    Failure   Level
 Lesser Beckoning         Tloc           0%         N/A       100%        2
 Call Canine Familiar     Summ           0%         N/A       100%        3
 Gell's Gravitas          Tloc           0%         N/A       100%        3
 Sigil of Binding         Hex            0%         N/A       100%        3
 Teleport Other           Tloc           0%         N/A       100%        3
 Dimensional Bullseye     Hex/Tloc       0%         N/A       100%        4


Dungeon Overview and Level Annotations

Branches:
Dungeon (2/15)

Altars:


Message History

The bombardier beetle sprays incendiary fluid at you.
The burning spray hits you.
You are even more covered in liquid fire!
You shake off some of the fire as you move.
The liquid fire burns you!
The bombardier beetle bites you but does no damage.
The ball python bites you but does no damage.
The ball python grabs you. The ball python constricts you.
You are too injured to fight recklessly!
You are too injured to fight recklessly!
You are too injured to fight recklessly!
You are too injured to fight recklessly!
You are too injured to fight recklessly!
You are too injured to fight recklessly!
You slash the bombardier beetle!
The bombardier beetle is heavily wounded.
You barely miss the ball python. You closely miss the bat.
The liquid fire burns you! The bat hits you but does no damage.
The ball python bites you but does no damage.
The ball python constricts you.
You hit the bombardier beetle.
The bombardier beetle is severely wounded.
You miss the bat. You hit the ball python.
You kill the ball python!
The liquid fire burns you! The bat barely misses you. The bat hits you.
The bombardier beetle bites you but does no damage.
You barely miss the bombardier beetle.
The bombardier beetle is severely wounded.
You closely miss the bat. The liquid fire burns you!
* * * LOW HITPOINT WARNING * * *
The bat hits you but does no damage. x2
The bombardier beetle bites you but does no damage.
You closely miss the bombardier beetle.
The bombardier beetle is severely wounded.
You closely miss the bat. The liquid fire burns you!
You die...

..#...$####..... .
................ ..
#..(..........
#..##............ .
#.............# ...
#...#.........#....
#.................
#.<....@b......
#...........B.#....
##.###....#.### . #
##.$.#.# .......#
!.......#
...........
.........#.


You could see a bombardier beetle and a bat.

Vanquished Creatures
  2 dart slugs (D:1)
  5 endoplasms (D:1)
  3 hobgoblins (D:1)
  2 jackals (D:1)
  A kobold (D:1)
  3 quokkas (D:1)
  2 ball pythons
  4 bats (D:1)
  3 frilled lizards (D:1)
  A goblin (D:1)
26 creatures vanquished.

Notes
Turn   | Place    | Note
-------+----------+-------------------------------------------
     0 | D:1      | imdaedric the Hill Orc Fighter began the quest for the Orb.
     0 | D:1      | Reached XP level 1. HP: 19/19 MP: 1/1
   164 | D:1      | Reached XP level 2. HP: 27/27 MP: 2/2
   388 | D:1      | Reached skill level 4 in Fighting
   411 | D:1      | Reached XP level 3. HP: 33/33 MP: 3/3
   805 | D:2      | Incinerated by a bombardier beetle

Illustrated notes

Levels and vault maps discovered:
D:1:      heliophobic_arrival_ceremonial_halls, layout_basic, serial_glass,
          glass_columns_a, glass_columns_b
D:2:      minmay_spotlight, layout_rooms, minmay_misc_feat_enclosed,
          chequers_decorated_corner

Skill      XL: |  1  2 |
---------------+-------+-----
Axes           | 3 |  3.3
Fighting       | 4 |  4.1
Armour         | |  3.7
Shields        | |  3.7

Action                     || total
---------------------------++-------
  Melee: War axe           ||    70
 Armour: Scale mail        ||    10
         Plate armour      ||    46
  Dodge: Dodged            ||    22
  Block: Buckler           ||    25
